Influenza vs Harfangs
(R2)
Created - 13 mars 2016 at 19:04
Goals
|
| Influenza |
2 |
2 |
2 |
6 |
| Harfangs |
0 |
3 |
0 |
3 |
|
Shots
|
| Influenza |
10 |
14 |
8 |
32 |
| Harfangs |
10 |
9 |
6 |
25 |
|
1st period
1. Influenza , Jamie Benn 22 (Jeremy Morin, Zac Dalpe) at 6:27
2. Influenza , Robbie Earl 43 (Ryan Carter, Ben Smith) at 13:36
Penalties :
Alex Killorn (BEA) for Roughing (Minor) at 0:23, Cam Fowler (BEA) for High sticking (Minor) at 8:52, Jeremy Morin (VJB) for Hooking (Minor) at 15:12
2nd period
3. Harfangs , Stefan Ruzicka 23 (Peter Olvecky, Brock Nelson) at 0:49 (PP)
4. Influenza , Corey Tropp 8 (T.J Galiardi, Evgeny Grachev) at 2:50
5. Influenza , T.J Galiardi 20 (Matt Corrente) at 5:56
6. Harfangs , Peter Olvecky 20 (Stefan Ruzicka, Brian Lashoff) at 11:52 (PP)
7. Harfangs , Brock Nelson 18 (Alexandre Picard) at 11:58
Penalties :
Matt Corrente (VJB) for Hooking (Minor) at 0:37, Petri Kontiola (BEA) for Tripping (Minor) at 2:55, Chris Kreider (BEA) for Holding (Minor) at 6:54, Robbie Earl (VJB) for Holding (Minor) at 10:51, Oskars Bartulis (VJB) for Holding (Minor) at 12:09, Chris Kreider (BEA) for Roughing (Double Minor) at 13:47
3rd period
8. Influenza , Zac Dalpe 31 (Jamie Benn, Oskars Bartulis) at 7:45 (PP)
9. Influenza , Andreas Engqvist 2 (Colin McDonald, Ryan Russell) at 17:49
Penalties :
Chris Kreider (BEA) for Tripping (Minor) at 6:40, Colin McDonald (VJB) for Hooking (Minor) at 8:29, Mike Hoffman (BEA) for Hooking (Minor) at 12:52, Corey Tropp (VJB) for Hooking (Minor) at 15:17, Peter Olvecky (BEA) for Holding Stick (Minor) at 15:34
Goalie Stats
Thomas McCollum (VJB), 22 saves from 25 shots - (0,880), W, 8-8-0, 60:00 minutes
Darcy Kuemper (BEA), 14 saves from 16 shots - (0,875), 34:04 minutes
Jeremy Duchesne (BEA), 12 saves from 16 shots - (0,750), L, 17-11-5, 25:56 minutes
Players Stats for Influenza
Player Name G A P +/- PIM S H SB GA TA FO MP PP MP PK MP
------------------------------------------------------------------------------------
Andreas Engqvist 1 0 1 1 0 1 0 0 0 0 3/4 5:23 0:00 0:00
Ben Smith 0 1 1 1 0 4 1 0 1 0 0/0 20:33 7:22 1:07
Brian Salcido 0 0 0 1 0 0 1 0 0 0 0/0 8:11 0:00 0:00
Carl Gunnarsson 0 0 0 1 0 0 0 1 0 0 0/0 19:53 6:34 2:58
Charlie Coyle 0 0 0 0 0 0 0 0 0 0 0/0 0:50 0:44 0:00
Colin McDonald 0 1 1 1 2 2 0 1 0 0 0/0 5:52 0:30 0:00
Corey Tropp 1 0 1 2 2 1 0 1 0 0 0/0 9:25 0:00 0:00
Evgeny Grachev 0 1 1 2 0 3 0 1 1 0 1/5 9:26 0:00 0:00
Francis Paré 0 0 0 0 0 0 0 0 0 0 0/0 0:00 0:00 0:00
Jacob Josefson 0 0 0 0 0 0 0 0 0 0 0/0 0:35 0:00 0:35
Jamie Benn 1 1 2 0 0 4 0 1 0 1 0/0 19:18 6:51 2:36
Jeff May 0 0 0 1 0 0 0 1 0 0 0/0 9:05 0:00 0:54
Jeremy Morin 0 1 1 0 2 1 2 0 0 0 0/0 16:17 6:51 0:00
Jimmy Bonneau 0 0 0 0 0 0 0 0 0 0 0/0 2:31 0:30 2:01
John Klingberg 0 0 0 0 0 2 0 1 1 1 0/0 27:22 8:21 4:08
Jordan Schroeder 0 0 0 0 0 0 0 0 0 0 0/0 1:03 0:36 0:00
Matt Corrente 0 1 1 0 2 1 1 1 0 3 0/0 27:09 8:21 3:56
Oskars Bartulis 0 1 1 1 2 1 1 1 0 0 0/0 19:11 6:35 2:16
Robbie Earl 1 0 1 1 2 2 3 0 0 2 0/2 23:54 7:23 3:29
Ryan Carter 0 1 1 1 0 5 2 1 1 1 27/44 24:32 7:06 4:24
Ryan Russell 0 1 1 1 0 1 1 0 0 0 0/0 5:23 0:00 0:00
T.J Brodie 0 0 0 2 0 0 0 1 0 0 0/0 4:34 0:00 0:00
T.J Galiardi 1 1 2 2 0 3 1 0 0 0 0/0 9:26 0:00 0:00
Tim Erixon 0 0 0 2 0 0 0 0 0 0 0/0 4:34 0:00 0:00
Zac Dalpe 1 1 2 0 0 1 3 1 1 0 4/15 16:18 6:51 0:00
Players Stats for Harfangs
Player Name G A P +/- PIM S H SB GA TA FO MP PP MP PK MP
------------------------------------------------------------------------------------
Alex Killorn 0 0 0 -3 2 0 1 1 1 0 14/26 19:18 3:35 5:56
Alexandre Picard 0 1 1 0 0 1 1 2 1 0 0/0 26:40 3:03 7:55
Andrew Orpik 0 0 0 0 0 2 1 0 0 0 0/0 26:33 4:03 7:00
Brandon Pirri 0 0 0 -2 0 2 0 0 0 0 3/8 11:29 0:00 1:57
Brian Lashoff 0 1 1 0 0 1 2 2 0 2 0/0 20:03 4:03 7:00
Brock Nelson 1 1 2 1 0 3 1 3 0 0 11/22 19:52 3:31 6:53
Cam Fowler 0 0 0 -4 2 0 0 1 0 1 0/0 13:25 0:00 0:00
Chris Kreider 0 0 0 -2 8 2 0 0 1 0 0/0 13:41 3:34 0:32
Dustin Jeffrey 0 0 0 1 0 0 1 0 0 0 0/0 8:32 0:00 0:00
Mats Zuccarello 0 0 0 -3 0 2 3 0 0 0 0/2 19:05 3:35 6:55
Michal Repik 0 0 0 -2 0 1 2 0 0 0 1/1 9:14 0:00 0:00
Mike Hoffman 0 0 0 0 2 1 0 1 0 0 0/0 9:15 0:00 0:00
Peter Olvecky 1 1 2 -3 2 5 2 0 1 1 2/2 19:26 3:30 6:47
Petri Kontiola 0 0 0 0 2 1 0 0 1 1 4/8 9:37 0:00 0:09
Reid McNeill 0 0 0 -4 0 0 0 1 0 0 0/0 12:51 0:00 0:00
Stefan Ruzicka 1 1 2 1 0 4 2 0 0 0 0/1 13:14 3:31 0:09
Tomas Tatar 0 0 0 0 0 0 0 0 1 0 0/0 10:03 0:00 0:32
Victor Bartley 0 0 0 0 0 0 1 1 2 0 0/0 20:36 3:03 7:55
3 Stars
1 - T.J Galiardi (VJB)
2 - Brock Nelson (BEA)
3 - Stefan Ruzicka (BEA)
Power Play
Influenza - 1 on 9 Attempt(s) - 11,11%
Harfangs - 2 on 6 Attempt(s) - 33,33%
Penalty Kill
Influenza - 4 on 6 Attempt(s) - 66,67%
- Score 0 goal in Penalty Kill
Harfangs - 8 on 9 Attempt(s) - 88,89%
- Score 0 goal in Penalty Kill
Team Stat
Influenza - Hits : 16 - Faceoff Wins : 35 - Blocked Shots : 12 - Penalty Minutes : 12
Harfangs - Hits : 17 - Faceoff Wins : 35 - Blocked Shots : 12 - Penalty Minutes : 18
Official
Referees : Furlatt Eric and StPierre Justin
Linesman : Brad Kovachik and Lyle Seitz
Game Notes
Darcy Kuemper enters game at 5:56 of 2nd period
Finance
Level 1 -- Attendance: 1357 (67,85%) -- Ticket Income 40 710 $
Level 2 -- Attendance: 685 (68,50%) -- Ticket Income 10 275 $
Total Attendance: 2042 (68,07%)
Total Ticket Income: 50 985 $
Other Income: 2 549 $
Total Income: 53 534 $
Influenza
5 vs 5 Forward
Center Left Wing Right Wing Time % Phy DF OF
1 Ryan Carter Robbie Earl Ben Smith 40 1 2 2
2 Zac Dalpe Jamie Benn Jeremy Morin 30 1 2 2
3 Evgeny Grachev T.J Galiardi Corey Tropp 20 1 2 2
4 Andreas Engqvist Ryan Russell Colin McDonald 10 1 2 2
5 vs 5 Defense
Defense Defense Time % Phy DF OF
1 John Klingberg Matt Corrente 40 1 2 2
2 Carl Gunnarsson Oskars Bartulis 30 1 2 2
3 Brian Salcido Jeff May 20 1 2 2
4 Tim Erixon T.J Brodie 10 1 2 2
PowerPlay Forward
Center Left Wing Right Wing Time % Phy DF OF
1 Ryan Carter Robbie Earl Ben Smith 60 1 2 2
2 Zac Dalpe Jamie Benn Jeremy Morin 40 1 2 2
PowerPlay Defense
Defense Defense Time % Phy DF OF
1 John Klingberg Matt Corrente 60 1 2 2
2 Carl Gunnarsson Oskars Bartulis 40 1 2 2
Penalty Kill 4 Players Forward
Center Wing Time % Phy DF OF
1 Ryan Carter Robbie Earl 60 1 2 2
2 Jamie Benn Ben Smith 40 1 2 2
Penalty Kill 4 Players Defense
Defense Defense Time % Phy DF OF
1 John Klingberg Matt Corrente 60 1 2 2
2 Carl Gunnarsson Oskars Bartulis 40 1 2 2
Penalty Kill - 3 Players Forward
Forward Time % Phy DF OF
1 Ryan Carter 60 1 2 2
2 Robbie Earl 40 1 2 2
Penalty Kill - 3 Players Defense
Defense Defense Time % Phy DF OF
1 John Klingberg Matt Corrente 60 1 2 2
2 Carl Gunnarsson Oskars Bartulis 40 1 2 2
4 vs 4 Forward
Center Wing Time % Phy DF OF
1 Ryan Carter Robbie Earl 60 1 2 2
2 Jamie Benn Ben Smith 40 1 2 2
4 vs 4 Defense
Defense Defense Time % Phy DF OF
1 John Klingberg Matt Corrente 60 1 2 2
2 Carl Gunnarsson Oskars Bartulis 40 1 2 2
Last Minutes Offensive
Center Left Wing Right Wing Defense Defense
Ryan Carter Robbie Earl Ben Smith John Klingberg Matt Corrente
Last Minutes Defensive
Center Left Wing Right Wing Defense Defense
Ryan Carter Robbie Earl Ben Smith John Klingberg Matt Corrente
Goaltenders
Starting : Thomas McCollum
Backup : Alex Stalock
Extra Forwards
Normal : Jordan Schroeder, Charlie Coyle, Jimmy Bonneau - PP : Jordan Schroeder, Charlie Coyle - PK : Jimmy Bonneau
Extra Defensemen
Normal : Brian Salcido, Jeff May, Tim Erixon - PP : Brian Salcido - PK : Jeff May, Tim Erixon
Penalty Shots
Ryan Carter, Robbie Earl, Jamie Benn, Ben Smith, T.J Galiardi
Harfangs
5 vs 5 Forward
Center Left Wing Right Wing Time % Phy DF OF
1 Alex Killorn Chris Kreider Mats Zuccarello 25 1 2 2
2 Brock Nelson Dustin Jeffrey Stefan Ruzicka 25 1 2 2
3 Petri Kontiola Tomas Tatar Mike Hoffman 25 1 2 2
4 Brandon Pirri Peter Olvecky Michal Repik 25 1 2 2
5 vs 5 Defense
Defense Defense Time % Phy DF OF
1 Alexandre Picard Victor Bartley 25 1 2 2
2 Brian Lashoff Andrew Orpik 25 1 2 2
3 Cam Fowler Reid McNeill 25 0 3 2
4 Alexandre Picard Andrew Orpik 25 1 2 2
PowerPlay Forward
Center Left Wing Right Wing Time % Phy DF OF
1 Alex Killorn Chris Kreider Mats Zuccarello 50 1 2 2
2 Brock Nelson Peter Olvecky Stefan Ruzicka 50 1 2 2
PowerPlay Defense
Defense Defense Time % Phy DF OF
1 Alexandre Picard Victor Bartley 50 1 2 2
2 Andrew Orpik Brian Lashoff 50 1 2 2
Penalty Kill 4 Players Forward
Center Wing Time % Phy DF OF
1 Brock Nelson Peter Olvecky 50 1 2 2
2 Alex Killorn Mats Zuccarello 50 1 2 2
Penalty Kill 4 Players Defense
Defense Defense Time % Phy DF OF
1 Alexandre Picard Victor Bartley 50 1 2 2
2 Brian Lashoff Andrew Orpik 50 1 2 2
Penalty Kill - 3 Players Forward
Forward Time % Phy DF OF
1 Brock Nelson 50 1 2 2
2 Alex Killorn 50 1 2 2
Penalty Kill - 3 Players Defense
Defense Defense Time % Phy DF OF
1 Alexandre Picard Victor Bartley 50 1 2 2
2 Brian Lashoff Andrew Orpik 50 1 2 2
4 vs 4 Forward
Center Wing Time % Phy DF OF
1 Alex Killorn Chris Kreider 50 1 2 2
2 Brock Nelson Stefan Ruzicka 50 1 2 2
4 vs 4 Defense
Defense Defense Time % Phy DF OF
1 Alexandre Picard Victor Bartley 50 1 2 2
2 Andrew Orpik Brian Lashoff 50 1 2 2
Last Minutes Offensive
Center Left Wing Right Wing Defense Defense
Petri Kontiola Chris Kreider Mats Zuccarello Alexandre Picard Andrew Orpik
Last Minutes Defensive
Center Left Wing Right Wing Defense Defense
Petri Kontiola Chris Kreider Mats Zuccarello Brian Lashoff Andrew Orpik
Goaltenders
Starting : Jeremy Duchesne
Backup : Darcy Kuemper
Extra Forwards
Normal : Stefan Ruzicka, Chris Kreider, Mats Zuccarello - PP : Stefan Ruzicka, Chris Kreider - PK : Mats Zuccarello
Extra Defensemen
Normal : Alexandre Picard, Andrew Orpik, Victor Bartley - PP : Andrew Orpik - PK : Alexandre Picard, Victor Bartley
Penalty Shots
Mats Zuccarello, Tomas Tatar, Petri Kontiola, Dustin Jeffrey, Peter Olvecky
% Time on Ice - Influenza
Lines # - Real PCT - Wanted PCT - Time Play
Normal Forward
1 - 32% - 40% - 11:40
2 - 26% - 30% - 9:27
3 - 26% - 20% - 9:26
4 - 15% - 10% - 5:23
Normal Defense
1 - 38% - 40% - 13:31
2 - 27% - 30% - 9:40
3 - 23% - 20% - 8:11
4 - 13% - 10% - 4:34
PP Forward
1 - 54% - 60% - 8:04
2 - 46% - 40% - 6:51
PP Defense
1 - 56% - 60% - 8:21
2 - 44% - 40% - 6:34
PK Forward
1 - 84% - 60% - 5:59
2 - 16% - 40% - 1:07
PK Defense
1 - 58% - 60% - 4:08
2 - 42% - 40% - 2:58
PK3 Forward
1 - 0% - 60%
2 - 0% - 40%
PK3 Defense
1 - 0% - 60%
2 - 0% - 40%
44 Forward
1 - 80% - 60% - 1:39
2 - 20% - 40% - 0:24
44 Defense
1 - 67% - 60% - 1:22
2 - 33% - 40% - 0:41
Last Minute Offensive - 0:00
Last Minute Defensive - 0:00
Total
Forward - 60:00
Defense - 60:00
|
% Time on Ice - Harfangs
Lines # - Real PCT - Wanted PCT - Time Play
Normal Forward
1 - 24% - 25% - 8:29
2 - 25% - 25% - 8:57
3 - 26% - 25% - 9:16
4 - 26% - 25% - 9:14
Normal Defense
1 - 23% - 25% - 8:23
2 - 23% - 25% - 8:12
3 - 36% - 25% - 12:51
4 - 18% - 25% - 6:30
PP Forward
1 - 50% - 50% - 3:35
2 - 50% - 50% - 3:31
PP Defense
1 - 43% - 50% - 3:03
2 - 57% - 50% - 4:03
PK Forward
1 - 49% - 50% - 7:22
2 - 51% - 50% - 7:33
PK Defense
1 - 53% - 50% - 7:55
2 - 47% - 50% - 7:00
PK3 Forward
1 - 0% - 50%
2 - 0% - 50%
PK3 Defense
1 - 0% - 50%
2 - 0% - 50%
44 Forward
1 - 55% - 50% - 1:08
2 - 45% - 50% - 0:55
44 Defense
1 - 61% - 50% - 1:15
2 - 39% - 50% - 0:48
Last Minute Offensive - 0:00
Last Minute Defensive - 0:00
Total
Forward - 60:00
Defense - 60:00
|
Play by Play
1st period
0:01 of 1st period - Alex Killorn wins face-off versus Ryan Carter in neutral zone.
0:08 of 1st period - Slapshot by John Klingberg.
0:08 of 1st period - Shot Misses the Net.
0:23 of 1st period - Minor Penalty to Alex Killorn for Roughing.
0:24 of 1st period - Brock Nelson wins face-off versus Ryan Carter in Harfangs zone.
2:23 of 1st period - Penalty to Alex Killorn is over, Alex Killorn is back on ice.
2:57 of 1st period - Snap shot by Ryan Russell.
2:57 of 1st period - Stopped by Jeremy Duchesne with a rebound.
3:42 of 1st period - Wrist shot by Mats Zuccarello.
3:42 of 1st period - Stopped by Thomas McCollum without a rebound.
3:43 of 1st period - Alex Killorn wins face-off versus Andreas Engqvist in Influenza zone.
3:46 of 1st period - Wrist shot by Chris Kreider.
3:46 of 1st period - Deflect By Andreas Engqvist.
3:46 of 1st period - Stopped by Thomas McCollum with a rebound.
4:11 of 1st period - Slapshot by Andrew Orpik.
4:11 of 1st period - Stopped by Thomas McCollum without a rebound.
4:12 of 1st period - Ryan Carter wins face-off versus Brandon Pirri in Influenza zone.
4:24 of 1st period - Wrist shot by Peter Olvecky.
4:24 of 1st period - Stopped by Thomas McCollum with a rebound.
4:38 of 1st period - Andrew Orpik is hit by Jeremy Morin and loses puck.
4:47 of 1st period - Snap shot by Jamie Benn.
4:47 of 1st period - Shot Blocked by Brock Nelson.
5:02 of 1st period - Icing by Andrew Orpik.
5:03 of 1st period - Ryan Carter wins face-off versus Petri Kontiola in Harfangs zone.
6:13 of 1st period - Snap shot by Ben Smith.
6:13 of 1st period - Stopped by Jeremy Duchesne with a rebound.
6:17 of 1st period - Wrist shot by Ryan Carter.
6:17 of 1st period - Deflect By Andrew Orpik.
6:17 of 1st period - Shot Misses the Net.
6:17 of 1st period - Puck is out of play.
6:18 of 1st period - Brandon Pirri wins face-off versus Zac Dalpe in Harfangs zone.
6:27 of 1st period - Snap shot by Jeremy Morin.
6:27 of 1st period - Deflect By Jamie Benn.
6:27 of 1st period - Goal by Jamie Benn - Influenza : 1 - Harfangs : 0.
6:28 of 1st period - Brock Nelson wins face-off versus Zac Dalpe in neutral zone.
6:41 of 1st period - Snap shot by Stefan Ruzicka.
6:41 of 1st period - Shot Misses the Net.
6:43 of 1st period - Wrist shot by Dustin Jeffrey.
6:43 of 1st period - Shot Misses the Net.
6:57 of 1st period - Snap shot by Brandon Pirri.
6:57 of 1st period - Stopped by Thomas McCollum without a rebound.
6:58 of 1st period - Peter Olvecky wins face-off versus Evgeny Grachev in Influenza zone.
7:05 of 1st period - Wrist shot by Evgeny Grachev.
7:05 of 1st period - Stopped by Jeremy Duchesne with a rebound.
7:30 of 1st period - Wrist shot by Stefan Ruzicka.
7:30 of 1st period - Shot Blocked by T.J Brodie.
7:52 of 1st period - Slapshot by Ryan Carter.
7:52 of 1st period - Stopped by Jeremy Duchesne without a rebound.
7:53 of 1st period - Alex Killorn wins face-off versus Robbie Earl in Harfangs zone.
8:06 of 1st period - Snap shot by Mats Zuccarello.
8:06 of 1st period - Stopped by Thomas McCollum with a rebound.
8:08 of 1st period - Slapshot by Andrew Orpik.
8:08 of 1st period - Stopped by Thomas McCollum without a rebound.
8:09 of 1st period - Zac Dalpe wins face-off versus Brock Nelson in Influenza zone.
8:22 of 1st period - Snap shot by Stefan Ruzicka.
8:22 of 1st period - Stopped by Thomas McCollum with a rebound.
8:28 of 1st period - Cam Fowler is hit by Zac Dalpe and loses puck.
8:47 of 1st period - Wrist shot by Ben Smith.
8:47 of 1st period - Shot Hit the Post.
8:52 of 1st period - Minor Penalty to Cam Fowler for High sticking.
8:53 of 1st period - Brock Nelson wins face-off versus Ryan Carter in Harfangs zone.
9:09 of 1st period - Snap shot by Ryan Carter.
9:09 of 1st period - Stopped by Jeremy Duchesne without a rebound.
9:10 of 1st period - Alex Killorn wins face-off versus Zac Dalpe in Harfangs zone.
9:15 of 1st period - Zac Dalpe is hit by Alex Killorn and loses puck.
9:24 of 1st period - Wrist shot by Zac Dalpe.
9:24 of 1st period - Shot Blocked by Victor Bartley.
9:26 of 1st period - Snap shot by Jamie Benn.
9:26 of 1st period - Deflect By Jeremy Morin.
9:26 of 1st period - Shot Misses the Net.
9:26 of 1st period - Puck is out of play.
9:27 of 1st period - Ryan Carter wins face-off versus Brock Nelson in Harfangs zone.
10:52 of 1st period - Penalty to Cam Fowler is over, Cam Fowler is back on ice.
11:12 of 1st period - Wrist shot by Petri Kontiola.
11:12 of 1st period - Shot Misses the Net.
11:45 of 1st period - Snap shot by Brock Nelson.
11:45 of 1st period - Shot Blocked by Corey Tropp.
11:53 of 1st period - T.J Galiardi is hit by Stefan Ruzicka and loses puck.
12:55 of 1st period - Snap shot by Peter Olvecky.
12:55 of 1st period - Shot Misses the Net.
12:57 of 1st period - Wrist shot by Brandon Pirri.
12:57 of 1st period - Stopped by Thomas McCollum without a rebound.
12:58 of 1st period - Andreas Engqvist wins face-off versus Brandon Pirri in Influenza zone.
13:09 of 1st period - Snap shot by Ryan Russell.
13:09 of 1st period - Shot Misses the Net.
13:15 of 1st period - T.J Brodie is hit by Andrew Orpik and loses puck.
13:34 of 1st period - Wrist shot by Ryan Carter.
13:34 of 1st period - Shot Blocked by Cam Fowler.
13:36 of 1st period - Wrist shot by Ryan Carter.
13:36 of 1st period - Deflect By Robbie Earl.
13:36 of 1st period - Goal by Robbie Earl - Influenza : 2 - Harfangs : 0.
13:37 of 1st period - Alex Killorn wins face-off versus Zac Dalpe in neutral zone.
13:53 of 1st period - Wrist shot by Jamie Benn.
13:53 of 1st period - Stopped by Jeremy Duchesne without a rebound.
13:54 of 1st period - Ryan Carter wins face-off versus Brock Nelson in Harfangs zone.
13:55 of 1st period - Wrist shot by Ben Smith.
13:55 of 1st period - Stopped by Jeremy Duchesne without a rebound.
13:56 of 1st period - Brock Nelson wins face-off versus Robbie Earl in Harfangs zone.
14:42 of 1st period - Wrist shot by Brock Nelson.
14:42 of 1st period - Shot Blocked by Oskars Bartulis.
14:44 of 1st period - Slapshot by Alexandre Picard.
14:44 of 1st period - Stopped by Thomas McCollum without a rebound.
14:45 of 1st period - Ryan Carter wins face-off versus Alex Killorn in Influenza zone.
14:45 of 1st period - Ryan Carter is hit by Mats Zuccarello.
15:12 of 1st period - Minor Penalty to Jeremy Morin for Hooking.
15:13 of 1st period - Ryan Carter wins face-off versus Alex Killorn in Influenza zone.
15:17 of 1st period - Alex Killorn is hit by Matt Corrente and loses puck.
16:50 of 1st period - Mats Zuccarello is hit by Ryan Carter and loses puck.
17:01 of 1st period - Oskars Bartulis is hit by Alexandre Picard and loses puck.
17:12 of 1st period - Penalty to Jeremy Morin is over, Jeremy Morin is back on ice.
17:27 of 1st period - T.J Galiardi is hit by Brian Lashoff and loses puck.
18:03 of 1st period - Brandon Pirri is hit by Jeremy Morin and loses puck.
18:39 of 1st period - Alexandre Picard is hit by Ryan Carter and loses puck.
19:30 of 1st period - Slapshot by T.J Galiardi.
19:30 of 1st period - Stopped by Jeremy Duchesne without a rebound.
19:31 of 1st period - Peter Olvecky wins face-off versus Zac Dalpe in Harfangs zone.
19:38 of 1st period - Zac Dalpe is hit by Michal Repik.
Goals for this period are 2 for Influenza vs 0 for Harfangs.
Shots for this period are 10 for Influenza vs 10 for Harfangs.
2nd period
0:01 of 2nd period - Ryan Carter wins face-off versus Alex Killorn in neutral zone.
0:35 of 2nd period - Slapshot by Alexandre Picard.
0:35 of 2nd period - Deflect By Michal Repik.
0:35 of 2nd period - Stopped by Thomas McCollum with a rebound.
0:37 of 2nd period - Minor Penalty to Matt Corrente for Hooking.
0:38 of 2nd period - Brock Nelson wins face-off versus Ryan Carter in Influenza zone.
0:49 of 2nd period - Wrist shot by Stefan Ruzicka.
0:49 of 2nd period - Goal by Stefan Ruzicka - Influenza : 2 - Harfangs : 1.
0:50 of 2nd period - Ryan Carter wins face-off versus Alex Killorn in neutral zone.
0:53 of 2nd period - Wrist shot by John Klingberg.
0:53 of 2nd period - Shot Misses the Net.
1:00 of 2nd period - Off-side.
1:01 of 2nd period - Ryan Carter wins face-off versus Alex Killorn in neutral zone.
1:06 of 2nd period - Wrist shot by Ryan Carter.
1:06 of 2nd period - Stopped by Jeremy Duchesne without a rebound.
1:07 of 2nd period - Alex Killorn wins face-off versus Ryan Carter in Harfangs zone.
1:52 of 2nd period - Snap shot by Corey Tropp.
1:52 of 2nd period - Shot Misses the Net.
1:54 of 2nd period - Slapshot by Oskars Bartulis.
1:54 of 2nd period - Stopped by Jeremy Duchesne without a rebound.
1:55 of 2nd period - Brandon Pirri wins face-off versus Evgeny Grachev in Harfangs zone.
2:48 of 2nd period - Snap shot by T.J Galiardi.
2:48 of 2nd period - Stopped by Jeremy Duchesne with a rebound.
2:50 of 2nd period - Slapshot by Corey Tropp.
2:50 of 2nd period - Goal by Corey Tropp - Influenza : 3 - Harfangs : 1.
2:51 of 2nd period - Ryan Carter wins face-off versus Petri Kontiola in neutral zone.
2:55 of 2nd period - Minor Penalty to Petri Kontiola for Tripping.
2:56 of 2nd period - Ryan Carter wins face-off versus Brock Nelson in Harfangs zone.
3:20 of 2nd period - Snap shot by Mats Zuccarello.
3:20 of 2nd period - Shot Blocked by John Klingberg.
3:30 of 2nd period - Wrist shot by Zac Dalpe.
3:30 of 2nd period - Shot Blocked by Brian Lashoff.
3:50 of 2nd period - Carl Gunnarsson is hit by Peter Olvecky and loses puck.
4:54 of 2nd period - Chris Kreider is hit by Robbie Earl and loses puck.
4:55 of 2nd period - Penalty to Petri Kontiola is over, Petri Kontiola is back on ice.
5:07 of 2nd period - Snap shot by Colin McDonald.
5:07 of 2nd period - Stopped by Jeremy Duchesne without a rebound.
5:08 of 2nd period - Andreas Engqvist wins face-off versus Petri Kontiola in Harfangs zone.
5:21 of 2nd period - Petri Kontiola is hit by Ryan Russell and loses puck.
5:40 of 2nd period - Wrist shot by Zac Dalpe.
5:40 of 2nd period - Shot Misses the Net.
5:42 of 2nd period - Slapshot by Jamie Benn.
5:42 of 2nd period - Shot Misses the Net.
5:56 of 2nd period - Slapshot by T.J Galiardi.
5:56 of 2nd period - Goal by T.J Galiardi - Influenza : 4 - Harfangs : 1.
5:56 of 2nd period - Darcy Kuemper enters game.
5:57 of 2nd period - Ryan Carter wins face-off versus Brock Nelson in neutral zone.
6:19 of 2nd period - Icing by John Klingberg.
6:20 of 2nd period - Petri Kontiola wins face-off versus Zac Dalpe in Influenza zone.
6:25 of 2nd period - Wrist shot by Petri Kontiola.
6:25 of 2nd period - Stopped by Thomas McCollum with a rebound.
6:27 of 2nd period - Wrist shot by Brian Lashoff.
6:27 of 2nd period - Deflect By Jamie Benn.
6:27 of 2nd period - Stopped by Thomas McCollum with a rebound.
6:29 of 2nd period - Wrist shot by Andrew Orpik.
6:29 of 2nd period - Shot Blocked by Jamie Benn.
6:54 of 2nd period - Minor Penalty to Chris Kreider for Holding.
6:55 of 2nd period - Alex Killorn wins face-off versus Ryan Carter in Harfangs zone.
6:55 of 2nd period - Alex Killorn is hit by Robbie Earl.
7:27 of 2nd period - Snap shot by Jamie Benn.
7:27 of 2nd period - Stopped by Darcy Kuemper with a rebound.
7:29 of 2nd period - Slapshot by Oskars Bartulis.
7:29 of 2nd period - Deflect By Zac Dalpe.
7:29 of 2nd period - Shot Blocked by Brock Nelson.
7:29 of 2nd period - Puck is out of play.
7:30 of 2nd period - Ryan Carter wins face-off versus Brock Nelson in Harfangs zone.
7:41 of 2nd period - Wrist shot by Ben Smith.
7:41 of 2nd period - Shot Misses the Net.
7:43 of 2nd period - Slapshot by John Klingberg.
7:43 of 2nd period - Shot Blocked by Brock Nelson.
7:45 of 2nd period - Wrist shot by Ryan Carter.
7:45 of 2nd period - Stopped by Darcy Kuemper with a rebound.
8:54 of 2nd period - Penalty to Chris Kreider is over, Chris Kreider is back on ice.
9:14 of 2nd period - Mike Hoffman is hit by T.J Galiardi and loses puck.
9:52 of 2nd period - Wrist shot by Brock Nelson.
9:52 of 2nd period - Shot Blocked by Jeff May.
10:32 of 2nd period - Snap shot by Jamie Benn.
10:32 of 2nd period - Stopped by Darcy Kuemper with a rebound.
10:51 of 2nd period - Minor Penalty to Robbie Earl for Holding.
10:52 of 2nd period - Alex Killorn wins face-off versus Ryan Carter in Influenza zone.
11:07 of 2nd period - Wrist shot by Mats Zuccarello.
11:07 of 2nd period - Shot Blocked by Ryan Carter.
11:18 of 2nd period - Icing by Alex Killorn.
11:19 of 2nd period - Alex Killorn wins face-off versus Ryan Carter in Harfangs zone.
11:19 of 2nd period - Alex Killorn is hit by Oskars Bartulis.
11:25 of 2nd period - Snap shot by Chris Kreider.
11:25 of 2nd period - Stopped by Thomas McCollum with a rebound.
11:52 of 2nd period - Backhand shot by Peter Olvecky.
11:52 of 2nd period - Goal by Peter Olvecky - Influenza : 4 - Harfangs : 2.
11:53 of 2nd period - Brock Nelson wins face-off versus Zac Dalpe in neutral zone.
11:56 of 2nd period - Slapshot by Alexandre Picard.
11:56 of 2nd period - Shot Blocked by Matt Corrente.
11:58 of 2nd period - Snap shot by Brock Nelson.
11:58 of 2nd period - Goal by Brock Nelson - Influenza : 4 - Harfangs : 3.
11:59 of 2nd period - Ryan Carter wins face-off versus Brock Nelson in neutral zone.
12:09 of 2nd period - Minor Penalty to Oskars Bartulis for Holding.
12:10 of 2nd period - Ryan Carter wins face-off versus Brock Nelson in Influenza zone.
13:47 of 2nd period - Double Minor Penalty to Chris Kreider for Roughing.
13:48 of 2nd period - Ryan Carter wins face-off versus Stefan Ruzicka in Harfangs zone.
13:49 of 2nd period - Slapshot by John Klingberg.
13:49 of 2nd period - Shot Misses the Net.
14:01 of 2nd period - Snap shot by Stefan Ruzicka.
14:01 of 2nd period - Stopped by Thomas McCollum without a rebound.
14:02 of 2nd period - Ryan Carter wins face-off versus Alex Killorn in Influenza zone.
14:09 of 2nd period - Penalty to Oskars Bartulis is over, Oskars Bartulis is back on ice.
14:09 of 2nd period - Backhand shot by Ryan Carter.
14:09 of 2nd period - Stopped by Darcy Kuemper without a rebound.
14:10 of 2nd period - Ryan Carter wins face-off versus Alex Killorn in Harfangs zone.
14:11 of 2nd period - Wrist shot by Ben Smith.
14:11 of 2nd period - Stopped by Darcy Kuemper with a rebound.
14:31 of 2nd period - Wrist shot by Brock Nelson.
14:31 of 2nd period - Stopped by Thomas McCollum without a rebound.
14:32 of 2nd period - Alex Killorn wins face-off versus Zac Dalpe in Influenza zone.
15:17 of 2nd period - Brock Nelson is hit by Zac Dalpe and loses puck.
16:08 of 2nd period - Jamie Benn is hit by Mats Zuccarello.
17:47 of 2nd period - Penalty to Chris Kreider is over, Chris Kreider is back on ice.
17:53 of 2nd period - Snap shot by Ben Smith.
17:53 of 2nd period - Stopped by Darcy Kuemper with a rebound.
17:55 of 2nd period - Snap shot by Corey Tropp.
17:55 of 2nd period - Shot Blocked by Mike Hoffman.
17:57 of 2nd period - Slapshot by Corey Tropp.
17:57 of 2nd period - Shot Misses the Net.
17:59 of 2nd period - Backhand shot by Brian Salcido.
17:59 of 2nd period - Deflect By Evgeny Grachev.
17:59 of 2nd period - Stopped by Darcy Kuemper without a rebound.
18:00 of 2nd period - Petri Kontiola wins face-off versus Evgeny Grachev in Harfangs zone.
18:00 of 2nd period - Petri Kontiola is hit by Brian Salcido.
18:55 of 2nd period - Off-side.
18:56 of 2nd period - Brock Nelson wins face-off versus Ryan Carter in neutral zone.
19:21 of 2nd period - Jeremy Morin is hit by Victor Bartley and loses puck.
19:44 of 2nd period - Slapshot by John Klingberg.
19:44 of 2nd period - Stopped by Darcy Kuemper without a rebound.
19:45 of 2nd period - Evgeny Grachev wins face-off versus Brandon Pirri in Harfangs zone.
19:48 of 2nd period - Snap shot by T.J Galiardi.
19:48 of 2nd period - Shot Misses the Net.
Goals for this period are 2 for Influenza vs 3 for Harfangs.
Shots for this period are 14 for Influenza vs 9 for Harfangs.
3rd period
0:01 of 3rd period - Ryan Carter wins face-off versus Brock Nelson in neutral zone.
0:10 of 3rd period - Snap shot by Ben Smith.
0:10 of 3rd period - Shot Misses the Net.
0:23 of 3rd period - Icing by Andrew Orpik.
0:24 of 3rd period - Zac Dalpe wins face-off versus Alex Killorn in Harfangs zone.
0:33 of 3rd period - Snap shot by Jeremy Morin.
0:33 of 3rd period - Stopped by Darcy Kuemper with a rebound.
0:38 of 3rd period - Off-side.
0:39 of 3rd period - Ryan Carter wins face-off versus Brock Nelson in neutral zone.
0:44 of 3rd period - Slapshot by John Klingberg.
0:44 of 3rd period - Shot Misses the Net.
1:04 of 3rd period - Tomas Tatar is hit by Zac Dalpe and loses puck.
1:13 of 3rd period - Snap shot by Zac Dalpe.
1:13 of 3rd period - Shot Blocked by Alexandre Picard.
1:47 of 3rd period - Colin McDonald is hit by Michal Repik and loses puck.
2:12 of 3rd period - Ryan Carter is hit by Stefan Ruzicka and loses puck.
2:32 of 3rd period - Off-side.
2:33 of 3rd period - Zac Dalpe wins face-off versus Petri Kontiola in neutral zone.
2:35 of 3rd period - Off-side.
2:36 of 3rd period - Petri Kontiola wins face-off versus Zac Dalpe in neutral zone.
2:41 of 3rd period - Snap shot by Petri Kontiola.
2:41 of 3rd period - Shot Blocked by Zac Dalpe.
2:43 of 3rd period - Snap shot by Tomas Tatar.
2:43 of 3rd period - Shot Misses the Net.
2:45 of 3rd period - Slapshot by Andrew Orpik.
2:45 of 3rd period - Shot Blocked by Carl Gunnarsson.
2:47 of 3rd period - Wrist shot by Mike Hoffman.
2:47 of 3rd period - Stopped by Thomas McCollum without a rebound.
2:48 of 3rd period - Ryan Carter wins face-off versus Brandon Pirri in Influenza zone.
2:48 of 3rd period - Ryan Carter is hit by Peter Olvecky.
2:54 of 3rd period - Snap shot by Ryan Carter.
2:54 of 3rd period - Deflect By Robbie Earl.
2:54 of 3rd period - Deflect By Peter Olvecky.
2:54 of 3rd period - Shot Misses the Net.
2:54 of 3rd period - Puck is out of play.
2:55 of 3rd period - Brandon Pirri wins face-off versus Ryan Carter in Harfangs zone.
4:11 of 3rd period - Slapshot by John Klingberg.
4:11 of 3rd period - Shot Blocked by Reid McNeill.
4:49 of 3rd period - Snap shot by Stefan Ruzicka.
4:49 of 3rd period - Stopped by Thomas McCollum without a rebound.
4:50 of 3rd period - Brock Nelson wins face-off versus Zac Dalpe in Influenza zone.
5:17 of 3rd period - Jeff May is hit by Brian Lashoff and loses puck.
5:38 of 3rd period - Snap shot by Peter Olvecky.
5:38 of 3rd period - Stopped by Thomas McCollum without a rebound.
5:39 of 3rd period - Ryan Carter wins face-off versus Brandon Pirri in Influenza zone.
6:31 of 3rd period - Slapshot by Mats Zuccarello.
6:31 of 3rd period - Shot Blocked by Evgeny Grachev.
6:40 of 3rd period - Minor Penalty to Chris Kreider for Tripping.
6:41 of 3rd period - Alex Killorn wins face-off versus Ryan Carter in Harfangs zone.
6:45 of 3rd period - Slapshot by Brian Lashoff.
6:45 of 3rd period - Deflect By Alex Killorn.
6:45 of 3rd period - Shot Misses the Net.
6:45 of 3rd period - Puck is out of play.
6:46 of 3rd period - Ryan Carter wins face-off versus Alex Killorn in Influenza zone.
7:11 of 3rd period - Slapshot by Peter Olvecky.
7:11 of 3rd period - Stopped by Thomas McCollum with a rebound.
7:13 of 3rd period - Backhand shot by Brock Nelson.
7:13 of 3rd period - Deflect By Peter Olvecky.
7:13 of 3rd period - Shot Misses the Net.
7:13 of 3rd period - Puck is out of play.
7:14 of 3rd period - Brock Nelson wins face-off versus Zac Dalpe in Influenza zone.
7:25 of 3rd period - Slapshot by Brock Nelson.
7:25 of 3rd period - Stopped by Thomas McCollum with a rebound.
7:28 of 3rd period - Icing by Oskars Bartulis.
7:29 of 3rd period - Zac Dalpe wins face-off versus Alex Killorn in Influenza zone.
7:43 of 3rd period - Slapshot by Oskars Bartulis.
7:43 of 3rd period - Shot Misses the Net.
7:45 of 3rd period - Wrist shot by Jamie Benn.
7:45 of 3rd period - Deflect By Zac Dalpe.
7:45 of 3rd period - Goal by Zac Dalpe - Influenza : 5 - Harfangs : 3.
7:46 of 3rd period - Ryan Carter wins face-off versus Mats Zuccarello in neutral zone.
8:01 of 3rd period - Snap shot by Ben Smith.
8:01 of 3rd period - Shot Misses the Net.
8:29 of 3rd period - Minor Penalty to Colin McDonald for Hooking.
8:30 of 3rd period - Ryan Carter wins face-off versus Brock Nelson in Influenza zone.
8:45 of 3rd period - Slapshot by Peter Olvecky.
8:45 of 3rd period - Stopped by Thomas McCollum without a rebound.
8:46 of 3rd period - Alex Killorn wins face-off versus Ryan Carter in Influenza zone.
10:29 of 3rd period - Penalty to Colin McDonald is over, Colin McDonald is back on ice.
11:55 of 3rd period - Oskars Bartulis is hit by Brock Nelson and loses puck.
12:49 of 3rd period - Wrist shot by T.J Galiardi.
12:49 of 3rd period - Deflect By Evgeny Grachev.
12:49 of 3rd period - Stopped by Darcy Kuemper without a rebound.
12:50 of 3rd period - Petri Kontiola wins face-off versus Evgeny Grachev in Harfangs zone.
12:52 of 3rd period - Minor Penalty to Mike Hoffman for Hooking.
12:53 of 3rd period - Brock Nelson wins face-off versus Ryan Carter in Harfangs zone.
12:58 of 3rd period - Peter Olvecky is hit by Ben Smith and loses puck.
13:05 of 3rd period - Snap shot by Ben Smith.
13:05 of 3rd period - Shot Blocked by Brian Lashoff.
13:07 of 3rd period - Slapshot by Matt Corrente.
13:07 of 3rd period - Stopped by Darcy Kuemper with a rebound.
13:09 of 3rd period - Wrist shot by Ben Smith.
13:09 of 3rd period - Shot Misses the Net.
13:48 of 3rd period - Mats Zuccarello is hit by Robbie Earl and loses puck.
14:05 of 3rd period - Zac Dalpe is hit by Mats Zuccarello and loses puck.
14:52 of 3rd period - Penalty to Mike Hoffman is over, Mike Hoffman is back on ice.
15:17 of 3rd period - Minor Penalty to Corey Tropp for Hooking.
15:18 of 3rd period - Brock Nelson wins face-off versus Ryan Carter in Influenza zone.
15:34 of 3rd period - Minor Penalty to Peter Olvecky for Holding Stick.
15:35 of 3rd period - Ryan Carter wins face-off versus Alex Killorn in Harfangs zone.
15:36 of 3rd period - Slapshot by Robbie Earl.
15:36 of 3rd period - Stopped by Darcy Kuemper without a rebound.
15:37 of 3rd period - Alex Killorn wins face-off versus Ryan Carter in Harfangs zone.
15:45 of 3rd period - Icing by Chris Kreider.
15:46 of 3rd period - Ryan Carter wins face-off versus Alex Killorn in Harfangs zone.
17:12 of 3rd period - Icing by Oskars Bartulis.
17:13 of 3rd period - Alex Killorn wins face-off versus Ryan Carter in Influenza zone.
17:17 of 3rd period - Penalty to Corey Tropp is over, Corey Tropp is back on ice.
17:22 of 3rd period - Snap shot by John Klingberg.
17:22 of 3rd period - Deflect By Victor Bartley.
17:22 of 3rd period - Stopped by Darcy Kuemper with a rebound.
17:24 of 3rd period - Snap shot by Jamie Benn.
17:24 of 3rd period - Shot Misses the Net.
17:26 of 3rd period - Snap shot by Matt Corrente.
17:26 of 3rd period - Shot Blocked by Alexandre Picard.
17:34 of 3rd period - Penalty to Peter Olvecky is over, Peter Olvecky is back on ice.
17:45 of 3rd period - Wrist shot by Colin McDonald.
17:45 of 3rd period - Stopped by Darcy Kuemper with a rebound.
17:47 of 3rd period - Wrist shot by Colin McDonald.
17:47 of 3rd period - Shot Blocked by Alex Killorn.
17:49 of 3rd period - Wrist shot by Andreas Engqvist.
17:49 of 3rd period - Goal by Andreas Engqvist - Influenza : 6 - Harfangs : 3.
17:50 of 3rd period - Michal Repik wins face-off versus Ryan Carter in neutral zone.
18:15 of 3rd period - Matt Corrente is hit by Dustin Jeffrey and loses puck.
19:07 of 3rd period - Snap shot by Alex Killorn.
19:07 of 3rd period - Shot Misses the Net.
19:57 of 3rd period - Snap shot by Brandon Pirri.
19:57 of 3rd period - Deflect By Peter Olvecky.
19:57 of 3rd period - Shot Blocked by Colin McDonald.
19:57 of 3rd period - Puck is out of play.
19:58 of 3rd period - Andreas Engqvist wins face-off versus Mats Zuccarello in Influenza zone.
Goals for this period are 2 for Influenza vs 0 for Harfangs.
Shots for this period are 8 for Influenza vs 6 for Harfangs.
Back to the Top